 Dungeon Crawl Stone Soup version 0.30-a0-1075-gcd70e7a56d (webtiles) character file.

Game seed: 15709294336651634686

84 holysushi the Conjurer (level 4, -2/30 HPs)
             Began as a Demonspawn Conjurer on Apr 15, 2023.
             Was a Believer of Vehumet.
             Slain by a kobold brigand
             ... wielding a +0 short sword
              (8 damage)
             ... in a sewer.
             The game lasted 00:03:33 (2429 turns).

holysushi the Conjurer (Demonspawn Conjurer)        Turns: 2429, Time: 00:03:34

Health: -2/30      AC:  3    Str:  7 (8)  XL:     4   Next: 24%
Magic:  6/9        EV: 12    Int: 19 (21) God:    Vehumet [**....]
Gold:   115        SH:  0    Dex:  9 (11) Spells: 6/9 levels left

rFire   . . .      SeeInvis .    m - +0 whip (drain)
rCold   . . .      Faith    .    (no shield)
rNeg    . . .      Spirit   .    a - +0 robe
rPois   .          Reflect  .    (no helmet)
rElec   .          Rampage  .    (no cloak)
rCorr   .                        (no gloves)
Will    .....                    (no boots)
Stlth   ++                       (no amulet)
HPRegen 0.25/turn                (no ring)
MPRegen 0.11/turn                (no ring)

@: lethally poisoned (-2 -> -7), slowed, very slow
A: rugged brown scales 1, weakness stinger 1
a: Renounce Religion


You were in a sewer.
You worshipped Vehumet.
Vehumet was pleased with you.
You visited 1 branch of the dungeon, and saw 3 of its levels.
You also visited: Sewer.

You collected 115 gold pieces.

Inventory:

Hand Weapons
 m - a +0 whip of draining (weapon)
Armour
 a - a +0 robe (worn)
Scrolls
 c - a scroll of vulnerability {unknown}
 d - 4 scrolls of identify {unknown}
 e - a scroll of enchant weapon {unknown}
 g - 2 scrolls of noise {unknown}
 k - a scroll of fear {unknown}
Potions
 b - a potion of magic
 h - 2 potions of curing {unknown}
 i - a potion of haste {unknown}
 j - a potion of might {unknown}
 l - a potion of lignification {unknown}


   Skills:
 + Level 2.2 Dodging
 - Level 2.3 Stealth
 - Level 3.4 Spellcasting
 - Level 4.3 Conjurations


You had 6 spell levels left.
You knew the following spells:

 Your Spells              Type           Power      Damage    Failure   Level
a - Magic Dart            Conj           76%        1d6       2%          1
b - Searing Ray           Conj           38%        2d5       3%          2

Your spell library contained the following spells:

 Spells                   Type           Power      Damage    Failure   Level
 Poisonous Vapours        Pois/Air       6%         N/A       22%         2
 Dazzling Flash           Conj/Hex       22%        N/A       19%         3
 Cigotuvi's Dreadful Rot  Necr/Pois/Air  6%         N/A       22%         2
 Gell's Gravitas          Tloc           3%         N/A       41%         3
 Ignite Poison            Fire/Tmut/Pois 3%         N/A       41%         3
 Teleport Other           Tloc           3%         N/A       41%         3
 Fulminant Prism          Conj/Hex       5%         3d7       52%         4
 Iskenderun's Mystic Bla  Conj/Tloc      11%        2d4       52%         4
 Freezing Cloud           Conj/Ice/Air   4%         6-21      92%         5
 Dispersal                Tloc           1%         N/A       100%        6


Dungeon Overview and Level Annotations

Branches:
Dungeon (3/15) Zot: 15612   Sewer (1/1) Zot: 5938

Altars:
Vehumet


Innate Abilities, Weirdness & Mutations

You are partially covered in rugged brown scales. (AC +1, +3% HP)
You have a small tail.


Message History

There are monsters nearby!
Casting: Magic Dart (safe; 2% risk of failure)
Confirm with . or Enter, or press ? or * to list all spells.
Aiming: Searing Ray (safe; 3% risk of failure)
Press: ? - help, Shift-Dir - straight line, f - kobold brigand
Aim: a kobold brigand, wielding a +0 short sword and quivering curare-tipped darts (72% to hit)
The searing ray hits the kobold brigand.
The kobold brigand is lightly wounded.
The searing ray hits the kobold!
You kill the kobold!
Vehumet accepts your kill.
You feel your power returning. (Press . to maintain the ray.)
The kobold throws a stone.
The stone misses you.
The kobold throws a stone.
The stone hits you but does no damage.
The kobold brigand throws a curare-tipped dart.
The curare-tipped dart hits you.
You are poisoned.
You have difficulty breathing.
You feel yourself slow down.
Training target 3.4 for Spellcasting reached!
You need to enable at least one skill for training.
The searing ray hits the kobold brigand.
The kobold brigand is moderately wounded.
You feel very sick.
The kobold throws a stone.
The stone hits you.
The searing ray misses the kobold brigand.
You feel very sick.
The kobold throws a stone.
The stone barely misses you.
The stone hits the plant.
The plant begins to die.
The kobold throws a stone.
The stone closely misses you.
The kobold brigand hits you with a +0 short sword.
* * * LOW HITPOINT WARNING * * *
Okay, then.
It was a potion of degeneration.
There was something very wrong with that liquid.
You feel weakened.
You feel dopey.
You feel clumsy.
* * * LOW HITPOINT WARNING * * *
You feel very sick.
The kobold brigand hits you with a +0 short sword!
You die...

#~≈~#.∩∩#
#~~~'...#
#~≈~######
#~≈~#....#
#~≈~#.∩..#
#~≈~#..)!#
#~≈~#!..!
#~~~##KK##
#~≈~#..@K#
#~≈~#~...###
#~≈~~~~....#
#~≈~~~P...##
#~≈~#P~.PP##
#~~~#~~....#
#~≈~#......#
~~~≈~#......#
~~~~≈~#......#


You could see a kobold brigand and 2 kobolds.

Vanquished Creatures
  3 adders (D:3)
  A worm (D:3)
  An endoplasm (D:1)
  8 giant cockroaches
  5 goblins
  A hobgoblin (D:3)
  3 jackals (D:3)
  5 kobolds
  5 quokkas
  5 ball pythons
  6 bats
  2 frilled lizards
  5 rats
50 creatures vanquished.

Notes
Turn   | Place    | Note
-------+----------+-------------------------------------------
     0 | D:1      | holysushi the Demonspawn Conjurer began the quest for the
                  | Orb.
     0 | D:1      | Reached XP level 1. HP: 13/13 MP: 3/3
    26 | D:1      | Found a faded altar of an unknown god.
    83 | D:1      | Prayed at the altar of an unknown god.
    83 | D:1      | Became a worshipper of Vehumet
    83 | D:1      | Reached * piety under Vehumet
    83 | D:1      | Offered knowledge of Kiss of Death by Vehumet.
   530 | D:1      | Gained mutation: You are partially covered in rugged brown
                  | scales. (AC +1, +3% HP) [demonic ancestry]
   530 | D:1      | Reached XP level 2. HP: 13/19 MP: 1/5
   777 | D:1      | You fall into a shaft and drop 1 floor!
  1046 | D:2      | Learned a level 2 spell: Searing Ray
  2070 | D:3      | Reached XP level 3. HP: 22/24 MP: 2/6
  2298 | D:3      | Reached ** piety under Vehumet
  2298 | D:3      | Offered knowledge of Poisonous Vapours by Vehumet.
  2299 | D:3      | Gained mutation: You have a small tail. [demonic ancestry]
  2299 | D:3      | Reached XP level 4. HP: 26/30 MP: 6/8
  2339 | D:3      | Found a glowing drain.
  2378 | Sewer    | Entered a sewer
  2425 | Sewer    | Noticed a kobold brigand
  2429 | Sewer    | Slain by a kobold brigand

Illustrated notes

Levels and vault maps discovered:
D:1:      arrival_zaba_pyramid, layout_basic, ebering_ecumenical_altar_hall,
          ebering_dispersal_statue_hall, minmay_distorted
D:2:      layout_basic
D:3:      layout_basic, gup_sewer_entry_pipe, uniq_crazy_yiuf_cottage
Sewer:    kennysheep_pipe_town

Skill      XL: |  1  2  3 |
---------------+----------+-----
Dodging        | 2 |  2.2
Stealth        | 2 |  2.3
Spellcasting   | 3 |  3.4
Conjurations   | |  4.3

Action                     |  1- 3 |  4- 6 || total
---------------------------+-------+-------++-------
  Melee: Unarmed           |     5 |       ||     5
         Whip              |     8 |    22 ||    30
         Tailslap          |       |     4 ||     4
   Cast: Magic Dart        |    50 |     3 ||    53
         Searing Ray       |     4 |     3 ||     7
    Use: Potion            |       |     1 ||     1
 Armour: Robe              |    10 |     9 ||    19
  Dodge: Dodged            |    13 |    22 ||    35

Table legend: (Time is in decaauts)
 A = Elapsed time spent in this place.
 B = Non-inter-level travel time spent in this place.
 C = Inter-level travel time spent in this place.
 D = Time resting spent in this place.
 E = Time spent auto-exploring this place.
 F = Levels seen in this place.
 G = Mean time per level.
                   A        B        C        D        E       F      G
               +--------+--------+--------+--------+--------+-----+--------+
         Total |   2447 |   2343 |    104 |    235 |   1608 |   4 |  611.8 |
       Dungeon |   2387 |   2283 |    104 |    235 |   1575 |   3 |  795.7 |
         Sewer |     60 |     60 |      0 |      0 |     33 |   1 |   60.0 |
               +--------+--------+--------+--------+--------+-----+--------+

Top non-repeatable levels by time:
     D:2: 1135 daAuts
     D:1: 927 daAuts
     D:3: 324 daAuts
   Sewer: 60 daAuts
